Description

Baneling Bust hits right after 4:00

Replay - A.I. 1 (Medium) v hellorush - Acropolis LE

Build Order

Get SALT Encoding   

  12  0:01  Drone  
  13  0:12  Overlord  
  13  0:16  Drone  
  14  0:31  Drone x3  
  17  0:53  Hatchery  
  17  0:56  Drone x2  
  17  0:59  Extractor  
  17  1:16  Spawning Pool  
  16  1:21  Drone x3  
  19  1:39  Overlord  
  19  1:49  Drone  
  20  2:02  Metabolic Boost  
  20  2:03  Queen x2  
  24  2:09  Zergling x4  
  26  2:16  Drone x2  
  28  2:20  Baneling Nest  
  27  2:24  Zergling x14  
  27  2:32  Overlord x2  
  34  3:06  Action  Move forward
  34  3:18  Zergling x16  
  42  3:30  Baneling x6  When arrive
  42  3:40  Zergling  flood
Spawning Tool Build Advisor. Get it on Overwolf

Go to:

Details

  • Created by: hellorush
  • Published on: May 18, 2019
  • Modified on: May 18, 2019
  • Patch: 4.7.1
Show
View Real Time Build Order
Export as new Build Order

Comments (0)

There are no comments. Be the first!

Create an account to comment!